AoeStats
← DK_Odysseo

Arabian Desert

510569280Analyzed
1v1 RM · 14h ago on Oct 1, 2026· 33m 51s· 2 players
Game mode
Random Map
Map size
Tiny (2 player)
Population
200
Speed
Normal
Resources
Standard
Victory
Conquest
Starting age
Dark Age
Ending age
Imperial Age
RankedLock teamsTeams togetherTeam positionsShared explorationLock speedFull tech treeHidden civsTurbo modeCheats
Victory
Defeat
🇹🇼 Goths · Taiwan
1954
+13
🇪🇸 Burgundians · Spain
1885
-13
DK_Odysseo
3:42 Double-Bit Axe
7:16 Loom
10:10 Feudal Age
11:16 Bow Saw
14:48 Fletching
15:49 Town Watch
22:06 Castle Age
21:22 Padded Archer Armor
22:13 Crossbowman
22:48 Bodkin Arrow
25:00 Ballistics
30:04 Leather Archer Armor
30:17 Elite Skirmisher
小米粒
1:28 Loom
9:10 Feudal Age
9:46 Double-Bit Axe
17:15 Fletching
21:42 Castle Age
20:27 Gold Mining
21:47 Man-at-Arms
22:25 Bodkin Arrow
21:50 Crossbowman
22:48 Bow Saw
23:52 Ballistics
23:33 Horse Collar
24:19 Padded Archer Armor
25:58 Wheelbarrow
26:12 Wheelbarrow
26:49 Leather Archer Armor
31:30 Hand Cart
Connection lost

Rejoining the realm…

Still unreachable

The connection could not be restored.

Session expired

The server has moved on; the page needs a fresh start.